 Dungeon Crawl Stone Soup version 0.28.0-47-ge53b351184 (webtiles) character file.

Game seed: 3724357662257992628

6724 101zpm the Thaumaturge (level 11, -8/66 HPs)
             Began as a Djinni Fire Elementalist on May 7, 2022.
             Was the Champion of Cheibriados.
             Mangled by a gnoll sergeant
             ... wielding a +0 trident
              (15 damage)
             ... on level 9 of the Dungeon.
             The game lasted 00:33:56 (16143 turns).

101zpm the Thaumaturge (Djinni Fire Elementalist)  Turns: 16143, Time: 00:33:57

Health: -8/66      AC:  3    Str: 22    XL:     11   Next: 24%
Gold:   637        EV: 15    Int: 36    God:    Cheibriados [******] SH:  0 Dex: 29

rFire   + + +      SeeInvis .   w - +3 glaive (vamp)
rCold   . . .      Faith    .   (shield currently unavailable)
rNeg    . . .      Spirit   .   a - +0 robe
rPois   ∞          Reflect  .   r - +1 hat
rElec   .          Harm     .   (no cloak)
rCorr   .          Rampage  .   (no gloves)
Will    +....                   (boots unavailable)
Stlth   +++.......              (no amulet)
HPRegen 0.21/turn               m - ring of protection from cold
MPRegen 0.00/turn               A - ring of protection from fire

@: freezing walls, flying, very slow
A: sickness immunity, fire resistance 2, cold vulnerability 1, float, innate
caster, HP casting, extra vitality 1
a: Renounce Religion, Bend Time, Temporal Distortion, Slouch, Step From Time


You were on level 9 of the Dungeon.
You worshipped Cheibriados.
Cheibriados was exalted by your worship.
You visited 2 branches of the dungeon, and saw 10 of its levels.
You also visited: Ossuary.

You collected 735 gold pieces.
You spent 98 gold pieces at shops.

Inventory:

Hand Weapons
 w - a +3 vampiric glaive (weapon)
Armour
 a - a +0 robe (worn)
 r - a +1 hat (worn)
Jewellery
 m - a ring of protection from cold (left hand)
 A - a ring of protection from fire (right hand)
Wands
 p - a wand of iceblast (22)
 t - a wand of flame (70)
 v - a wand of paralysis (12)
 B - a wand of digging (6)
Scrolls
 c - a scroll of summoning
 e - a scroll of enchant armour
 h - 2 scrolls of fear
 i - a scroll of identify
 j - a scroll of blinking
 k - a scroll of amnesia
 o - a scroll of immolation
 s - a scroll of noise
 u - a scroll of teleportation
 y - a scroll of brand weapon
Potions
 b - 2 potions of mutation {unknown}
 d - 2 potions of resistance {unknown}
 f - a potion of invisibility {unknown}
 g - 2 potions of degeneration {unknown}
 l - a potion of attraction {unknown}
 n - 3 potions of brilliance {unknown}
 q - a potion of curing
 x - a potion of heal wounds {unknown}
 z - a potion of magic {unknown}
 C - 3 potions of flight {unknown}
 D - a potion of ambrosia {unknown}


   Skills:
 + Level 0.4 Fighting
 + Level 0.1 Polearms
 + Level 3.3 Dodging
 + Level 4.0 Stealth
 + Level 12.4 Spellcasting


You had 9 spell levels left.
You knew the following spells:

 Your Spells              Type           Power      Damage    Failure   Level
a - Foxfire               Conj/Fire      100%       2x1d9     0%          1
b - Scorch                Fire           100%       2d10      0%          2
c - Conjure Flame         Conj/Fire      84%        6-21      1%          3
d - Inner Flame           Hex/Fire       84%        N/A       1%          3
e - Flame Wave            Conj/Fire      84%        2d15      1%          4
f - Magic Dart            Conj           100%       1d8       0%          1
g - Passwall              Tmut/Erth      70%        N/A       0%          2
h - Blink                 Tloc           100%       N/A       0%          2
i - Frozen Ramparts       Ice            100%       1d12      1%          3
j - Sticky Flame          Conj/Fire      84%        2d10      1%          4
Your spell library was empty.

Dungeon Overview and Level Annotations

Branches:
Dungeon (9/15)             Temple (1/1) D:6             Orc (0/2) D:9
Ossuary (visited)
   Lair: D:8-11

Altars:
Ashenzari
Cheibriados
Dithmenos
Elyvilon
Fedhas
Gozag
Hepliaklqana
Kikubaaqudgha
Makhleb
Nemelex Xobeh
Okawaru
Sif Muna
Trog
Uskayaw
Vehumet
Wu Jian
Xom
Yredelemnul
Zin
The Shining One

Shops:
D:5 ?

Annotations:
D:6 1 runed translucent door, chujev's ghost, novice MiCK
D:9 1 transporter, 101zpm's ghost, novice DjFE


Innate Abilities, Weirdness & Mutations

You are immune to sickness and miasma.
You are immune to poison.
Your flesh is very heat resistant. (rF++)
You are vulnerable to cold. (rC-)
You float through the air rather than walking.
You learn spells naturally, not from books.
Your magical power is your life essence.
You have superior vitality. (+4 MHP)


Message History

You hear a shout!
Casting: Scorch (safe; 0% risk of failure)
Confirm with . or Enter, or press ? or * to list all spells.
Flames lash the kobold brigand.
The kobold brigand is burned terribly!
You kill the kobold brigand!
Cheibriados thoroughly appreciates the change of pace.
* * * LOW HITPOINT WARNING * * *
A gnoll sergeant comes into view. It is wielding a +0 trident.
Casting: Scorch (safe; 0% risk of failure)
Confirm with . or Enter, or press ? or * to list all spells.
Casting: Frozen Ramparts (safe; 1% risk of failure)
Press: ? - help, Dir - look around, f - activate The walls around you are covered in ice.
* * * LOW HITPOINT WARNING * * *
Your foxfire dissipates!
Casting: Foxfire (safe; 0% risk of failure)
Press: ? - help, Q - select action, (/) - cycle Dir - look around, f - activate You conjure some foxfire!
* * * LOW HITPOINT WARNING * * *
Your foxfire dissipates!
The wall freezes the gnoll sergeant. x2
The gnoll sergeant hits you from afar with a +0 trident.
* * * LOW HITPOINT WARNING * * *
Casting: Foxfire (safe; 0% risk of failure)
Confirm with . or Enter, or press ? or * to list all spells.
Flames lash the gnoll sergeant but do no damage.
* * * LOW HITPOINT WARNING * * *
The foxfire hits the gnoll sergeant but does no damage.
The gnoll sergeant is moderately wounded.
The wall freezes the gnoll sergeant.
The gnoll sergeant completely misses you.
Casting: Scorch (safe; 0% risk of failure)
Confirm with . or Enter, or press ? or * to list all spells.
Flames lash the gnoll sergeant.
The gnoll sergeant is heavily wounded.
The gnoll sergeant's fire resistance burns away.
* * * LOW HITPOINT WARNING * * *
The wall freezes the gnoll sergeant.
The gnoll sergeant hits you from afar with a +0 trident!
You die...

########### ###
#v........# #..
#@#######.######..
#.# #......... #g#
#.........
#.).ooKo#.........
#.#)..TO#.#...#...
#.#8..o8#.#.......
#.# #####....(....
#.# ........).)
#.. ............


You could see a gnoll sergeant (combustible, ally target).

Vanquished Creatures
  Pikel (D:6)
  A gargoyle (D:9)
  A kobold demonologist (D:9)
  2 trolls (D:9)
  Grinder (D:3)
  Prince Ribbit (D:8)
  Sigmund (D:5)
  3 yaks (D:8)
  Menkaure (D:5)
  A water moccasin (D:5)
  3 orc warriors
  An ice beast (D:5)
  2 black bears (D:6)
  A necrophage (D:4)
  A sky beast (D:6)
  3 ogres (D:9)
  3 centaurs
  2 phantoms (D:5)
  A lemure (D:6)
  3 kobold brigands (D:9)
  Blork the orc (D:6)
  3 gnoll sergeants
  2 bullfrogs
  2 scorpions
  A water moccasin zombie (D:6)
  2 water moccasin skeletons
  4 killer bees (D:9)
  5 wights (D:6)
  2 howler monkeys (D:8)
  4 centaur zombies
  3 orc priests
  4 jellies
  A bullfrog skeleton (D:5)
  3 bullfrog zombies
  A centaur skeleton (D:6)
  7 hounds
  A gnoll shaman (D:7)
  Jessica (D:3)
  Ijyb (D:5)
  2 iguanas
  5 orc wizards
  Natasha (D:3)
  2 mummies (Ossuary)
  Robin (D:3)
  A howler monkey skeleton (D:7)
  15 gnolls
  7 adders
  3 shadow imps
  2 white imps (D:6)
  An ufetubus (D:4)
  An adder skeleton (D:4)
  3 worms
  2 dart slugs
  19 orcs
  8 endoplasms
  3 giant cockroaches
  12 goblins
  9 hobgoblins
  2 jackals (D:4)
  3 quokkas
  6 ball pythons
  2 bats (D:2)
  5 frilled lizards
  4 gnoll zombies (Ossuary)
  5 goblin zombies (Ossuary)
  A hobgoblin zombie (Ossuary)
  12 kobolds
  3 orc zombies (Ossuary)
  2 rats (D:1)
223 creatures vanquished.

Vanquished Creatures (collateral kills)
  2 foxfires
2 creatures vanquished.

Vanquished Creatures (others)
  1089 foxfires
1089 creatures vanquished.

Grand Total: 1314 creatures vanquished

Notes
Turn   | Place    | Note
-------+----------+-------------------------------------------
     0 | D:1      | 101zpm the Djinni Fire Elementalist began the quest for the
                  | Orb.
     0 | D:1      | Reached XP level 1. HP: 15/15 MP: 0/0
   456 | D:1      | Reached XP level 2. HP: 17/21 MP: 0/0
   860 | D:1      | Found a faded altar of an unknown god.
  1417 | D:1      | Reached skill level 3 in Spellcasting
  1580 | D:1      | Prayed at the altar of an unknown god.
  1580 | D:1      | Became a worshipper of Cheibriados the Contemplative
  1580 | D:1      | Reached * piety under Cheibriados
  1788 | D:2      | Reached XP level 3. HP: 14/25 MP: 0/0
  1788 | D:2      | Learned a level 1 spell: Magic Dart
  2205 | D:2      | Reached XP level 4. HP: 22/31 MP: 0/0
  3576 | D:3      | Reached XP level 5. HP: 13/35 MP: 0/0
  3576 | D:3      | Learned a level 2 spell: Passwall
  3580 | D:3      | Reached ** piety under Cheibriados
  3581 | D:3      | Reached skill level 4 in Spellcasting
  4211 | D:3      | Noticed Robin
  4215 | D:3      | Killed Robin
  5137 | D:3      | Noticed Grinder
  5143 | D:3      | Killed Grinder
  5144 | D:3      | Reached skill level 5 in Spellcasting
  5144 | D:3      | Reached XP level 6. HP: 33/40 MP: 0/0
  5147 | D:3      | Noticed Jessica
  5150 | D:3      | Killed Jessica
  5151 | D:3      | Reached XP level 7. HP: 31/45 MP: 0/0
  5151 | D:3      | Learned a level 2 spell: Blink
  5151 | D:3      | Noticed Natasha
  5159 | D:3      | Killed Natasha
  6139 | D:4      | Reached skill level 6 in Spellcasting
  6600 | D:4      | Reached *** piety under Cheibriados
  6601 | D:4      | Reached XP level 8. HP: 40/50 MP: 0/0
  7164 | D:4      | Found a glowing golden altar of the Shining One.
  7175 | D:4      | Found a sparkling altar of Nemelex Xobeh.
  7489 | D:5      | Entered Level 5 of the Dungeon
  7698 | D:5      | Reached skill level 7 in Spellcasting
  8142 | D:5      | Found Oriti's Magic Scroll Shop.
  8150 | D:5      | Bought a scroll of identify for 28 gold pieces
  8150 | D:5      | Bought a scroll of noise for 14 gold pieces
  8150 | D:5      | Bought a scroll of identify for 28 gold pieces
  8150 | D:5      | Bought a scroll of identify for 28 gold pieces
  8219 | D:5      | Noticed Sigmund
  8223 | D:5      | Killed Sigmund
  8228 | D:5      | Noticed Menkaure
  8231 | D:5      | Killed Menkaure
  8232 | D:5      | Reached skill level 8 in Spellcasting
  8232 | D:5      | Reached XP level 9. HP: 31/55 MP: 0/0
  8232 | D:5      | Learned a level 3 spell: Frozen Ramparts
  8698 | D:5      | Noticed Ijyb
  8701 | D:5      | Killed Ijyb
  8952 | D:6      | Noticed chujev's ghost (novice MiCK)
  9326 | D:6      | Found a runed translucent door.
  9442 | D:6      | Found a sand-covered staircase.
  9453 | Ossuary  | Entered an ossuary
  9510 | Ossuary  | Reached **** piety under Cheibriados
  9721 | Ossuary  | Reached skill level 9 in Spellcasting
  9970 | D:6      | Found a staircase to the Ecumenical Temple.
 10002 | D:6      | Noticed Pikel
 10006 | D:6      | Noticed Blork the orc
 10015 | D:6      | Killed Blork the orc
 10025 | D:6      | Killed Pikel
 10329 | D:6      | Reached ***** piety under Cheibriados
 10330 | D:6      | Reached skill level 10 in Spellcasting
 10330 | D:6      | Reached XP level 10. HP: 34/60 MP: 0/0
 11058 | Temple   | Entered the Ecumenical Temple
 13041 | D:8      | Found a blossoming altar of Fedhas.
 13049 | D:8      | Found a broken altar of Ashenzari.
 13127 | D:8      | Found a basalt altar of Yredelemnul.
 13135 | D:8      | Found a hazy altar of Hepliaklqana.
 13290 | D:8      | Reached skill level 11 in Spellcasting
 13780 | D:8      | Noticed Prince Ribbit
 13789 | D:8      | Killed Prince Ribbit
 14554 | D:9      | Noticed 101zpm's ghost (novice DjFE)
 14554 | D:9      | Noticed a kobold demonologist
 14554 | D:9      | Found a transporter.
 14557 | D:9      | Noticed a brown ugly thing
 14561 | D:9      | Noticed a rust devil
 14562 | D:9      | Killed a kobold demonologist
 14562 | D:9      | Noticed a gargoyle
 15425 | D:9      | Found an iron altar of Okawaru.
 15472 | D:9      | Reached XP level 11. HP: 16/66 MP: 0/0
 15472 | D:9      | Learned a level 4 spell: Sticky Flame
 15857 | D:9      | Reached skill level 12 in Spellcasting
 15859 | D:9      | Reached ****** piety under Cheibriados
 16101 | D:9      | Found a staircase to the Orcish Mines.
 16143 | D:9      | Mangled by a gnoll sergeant

Illustrated notes

Levels and vault maps discovered:
D:1:      roderic_chinese_lattice_arrival, layout_basic, serial_corexii_hall,
          corexii_hall_statues_x, corexii_hall_statues_l,
          dreamdust_ecumenical_altar_grove
D:2:      layout_loops_corners, serial_co_window_serial, co_window_paths_a,
          co_window_paths_a, co_window_corner_a, co_window_paths_a,
          co_window_paths_a, co_window_of_opportunity_a,
          co_window_of_opportunity_a, co_window_broadway_a,
          co_window_of_opportunity_b, co_window_paths_c, glass_columns_c,
          glass_columns_a, glass_columns_b, glass_columns_a
D:3:      layout_loops_corners, uniq_jessica, uniq_grinder, uniq_natasha,
          uniq_robin
D:4:      layout_loops_cross, tso_oasis_becter, overflow_temple_1_default
D:5:      layout_gridville, serial_shops, shop, uniq_sigmund, uniq_menkaure,
          uniq_ijyb
D:6:      minmay_diamond_boxcup, layout_basic, temple_pool_b,
          hellmonk_ghost_happy_afterlife, enter_ossuary_1,
          kennysheep_generic_room_3, uniq_pikel, uniq_blork_the_orc
D:7:      layout_gridville
D:8:      layout_cave_pools, tgw_sif, grunt_temple_overflow_cloverleaf,
          serial_co_window_serial, co_window_corner_a, co_window_paths_b,
          co_window_of_opportunity_a, co_window_corner_a, co_window_corner_a,
          co_window_corner_a, co_window_of_opportunity_b, co_window_paths_c,
          co_window_broadway_a, co_window_unsneaky_path_e, co_window_corner_b,
          glass_columns_a, glass_columns_b, glass_columns_a, glass_columns_b,
          glass_columns_b, uniq_prince_ribbit1
D:9:      layout_cross, amcnicky_altar_gilded, kennysheep_mini_moat,
          mainiacjoe_overflow_alcove_4, kennysheep_orc_monster_closet_entryway,
          gammafunk_ghost_arena
Temple:   chequers_temple_sunken

Skill      XL: |  1  2  3  4  5  6  7  8  9 10 11 |
---------------+----------------------------------+-----
Spellcasting   | 3 5 6 8 10 11 12 | 12.4
Stealth        | 2 3 4 |  4.0
Dodging        | 3 |  3.3
Fighting       | |  0.4
Polearms       | |  0.1

Action                   |  1- 3 |  4- 6 |  7- 9 | 10-12 || total
-------------------------+-------+-------+-------+-------++-------
Melee: Glaive            |       |       |       |     1 ||     1
 Cast: Foxfire           |    91 |    88 |   263 |   206 ||   648
       Scorch            |     4 |    13 |    25 |    31 ||    73
       Inner Flame       |     2 |    15 |    56 |    57 ||   130
       Flame Wave        |       |       |       |     2 ||     2
       Frozen Ramparts   |       |       |       |     3 ||     3
  Use: Scroll            |       |       |     7 |     1 ||     8
Armor: Robe              |     1 |     4 |     5 |     3 ||    13
Dodge: Dodged            |       |     1 |    14 |    30 ||    45
